 Dungeon Crawl Stone Soup version 0.20.0-15-g7f486f2 (console) character file.

42 removed the Ruffian (level 3, -3/28 HPs)
             Began as a Centaur Transmuter on June 11, 2017.
             Slain by a worm (7 damage)
             ... on level 2 of the Dungeon.
             The game lasted 00:01:12 (1151 turns).

removed the Ruffian (Centaur Transmuter)            Turns: 1151, Time: 00:01:13

Health: -3/28      AC:  4    Str: 13    XL:     3   Next: 35%
Magic:  5/5        EV:  9    Int: 12    God:
Gold:   36         SH:  0    Dex:  9    Spells: 4/5 levels left

rFire    . . .     SeeInvis .     - Unarmed
rCold    . . .     Gourm    .   (no shield)
rNeg     . . .     Faith    .   b - +0 robe
rPois    .         Spirit   .   (no helmet)
rElec    .         Reflect  .   (no cloak)
rCorr    .         Harm     .   (no gloves)
MR       .....                  (no barding)
Stlth    +.........             (no amulet)
Regen    0.1/turn               (no ring)
MPRegen  0.1/turn               (no ring)

@: very quick
A: hooves 3, deformed body, speed 2, tough skin 3
a: no special abilities


You were on level 2 of the Dungeon.
You were not hungry.

You visited 1 branch of the dungeon, and saw 2 of its levels.

You collected 36 gold pieces.

Inventory:

Hand Weapons
 m - a +1 dagger of venom
Missiles
 a - 12 arrows
Armour
 b - a +0 robe (worn)
Scrolls
 f - a scroll of enchant armour {unknown}
 g - 2 scrolls of blinking {unknown}
 h - a scroll of noise {unknown}
 i - a scroll of magic mapping {unknown}
 k - a scroll of identify {unknown}
 q - a scroll of teleportation {unknown}
Potions
 e - 2 potions of might {unknown}
 l - a potion of ambrosia {unknown}
 p - a potion of cancellation {unknown}
Books
 c - a book of Changes

   Spells                             Type                      Level
   a - Beastly Appendage              Transmutation                1
   b - Sticks to Snakes               Transmutation                2
   c - Spider Form                    Transmutation/Poison         3
   d - Ice Form                       Ice/Transmutation            4
   e - Blade Hands                    Transmutation                5
Comestibles
 d - a bread ration
 n - a meat ration
 o - 3 chunks of flesh


   Skills:
 - Level 1.0 Fighting
 - Level 1.3 Dodging
 + Level 4.4 Unarmed Combat
 - Level 1.5 Spellcasting
 - Level 1.7 Transmutations


You had 4 spell levels left.
You knew the following spells:

 Your Spells              Type           Power        Failure   Level  Hunger
a - Beastly Appendage     Tmut           #.....       14%         1    ##.....


Dungeon Overview and Level Annotations

Branches:
Dungeon (2/15)

Altars:
Cheibriados


Innate Abilities, Weirdness & Mutations

You have hooves in place of feet.
Armour fits poorly on your strangely shaped body.
You cover ground very quickly.
You have extremely tough skin. (AC +3)


Message History

A worm comes into view.
A worm is nearby!
The worm bites you.
You hit the worm.
The worm is moderately wounded.
You hit the worm but do no damage. Your kick misses the worm.
The worm is moderately wounded.
The worm bites you!
You are too injured to fight recklessly!
You hit the worm. Your kick misses the worm.
The worm is heavily wounded.
You are too injured to fight recklessly!
You hit the worm. You kick the worm, but do no damage.
The worm is severely wounded.
The worm bites you!
* * * LOW HITPOINT WARNING * * *
You barely miss the worm.
The worm is heavily wounded.
The worm bites you!
You die...

♣.♣ ### #.# ..#
#.##### #.# #.....#
#.# #.###.# ..
#.#######.#..<#
....###.#.......#.#.#
...........######.#.#
....##.#..#..@.# #.#
. #)#..#.##w# #(#
#.#..#.# ...#.#
#.#....# .#.#.#
#.#.####.####.#
#..........
###.####### #........
#########


You could see a worm.

Vanquished Creatures
  An ooze (D:1)
  A worm (D:2)
  A dart slug (D:1)
  A leopard gecko (D:1)
  4 goblins (D:1)
  3 hobgoblins
  6 jackals (D:1)
  5 kobolds (D:1)
  3 bats (D:1)
  2 frilled lizards (D:1)
  3 rats (D:1)
30 creatures vanquished.

Notes
Turn   | Place    | Note
-------+----------+-------------------------------------------
     0 | D:1      | removed the Centaur Transmuter began the quest for the Orb.
     0 | D:1      | Reached XP level 1. HP: 16/16 MP: 3/3
    87 | D:1      | Reached XP level 2. HP: 14/23 MP: 4/4
   682 | D:1      | Reached skill level 4 in Unarmed Combat
   876 | D:1      | Reached XP level 3. HP: 20/28 MP: 5/5
   997 | D:1      | Found a snail-covered altar of Cheibriados.
  1151 | D:2      | Slain by a worm

Skill      XL: |  1  2 |
---------------+-------+-----
Unarmed Combat | 4 |  4.4
Fighting       | |  1.0
Dodging        | |  1.3
Spellcasting   | |  1.5
Transmutations | |  1.7

Action                   || total
-------------------------++-------
Melee: Unarmed           ||   125
       Kick              ||    26
Armor: Robe              ||    48
Dodge: Dodged            ||    60
